A - U25
COLUMBUS CATFISH @ LAKEWOOD BLUECLAWS
09/04/2052
 
TOP OF THE 1ST
Great Lakes Loons batting - Pitching for Ames Sod Poodles : LHP Benjamin Razzano
Pitching: LHP Benjamin Razzano
Batting: RHB Quincy Owens 0-0: Ground out 5-3 (Groundball, 56, EV 90.0 MPH)
Batting: RHB Christian LeTourneau 0-0: Called Strike
0-1: Called Strike
0-2: Foul Ball, location: 9LMF
0-2: Foul Ball, location: 2F
0-2: Ball
1-2: Foul Ball, location: 2F
1-2: Ball
2-2: Fly out, F8 (Flyball, 8RD, EV 100.0 MPH)
Batting: RHB Griffin Johnston 0-0: Ball
1-0: Called Strike
1-1: Foul Ball, location: 2F
1-2: Ball
2-2: Hit by Pitch
Batting: SHB Diego Pimentel 0-0: Called Strike
0-1: Fielders Choice at 2nd, 6-4 (Groundball, 56, EV 77.5 MPH)
Top of the 1st over - 0 runs, 0 hits, 0 errors, 1 left on base; Great Lakes 0 - Ames 0
BOTTOM OF THE 1ST
Ames Sod Poodles batting - Pitching for Great Lakes Loons : RHP Isaac Bugielski
Pitching: RHP Isaac Bugielski
Batting: RHB Thomas Dalton 0-0: Ground out 6-3 (Groundball, 6, EV 103.1 MPH)
Batting: LHB Jerry Howell 0-0: Ball
1-0: Called Strike
1-1: Ball
2-1: Foul Ball, location: 2F
2-2: Ball
3-2: Fly out, F9 (Flyball, 89M, EV 98.1 MPH)
Batting: SHB Michael Dodson 0-0: Called Strike
0-1: Foul Ball, location: 7LDF
0-2: Ball
1-2: Strikes out swinging
Bottom of the 1st over - 0 runs, 0 hits, 0 errors, 0 left on base; Great Lakes 0 - Ames 0
TOP OF THE 2ND
Great Lakes Loons batting - Pitching for Ames Sod Poodles : LHP Benjamin Razzano
Batting: RHB Augusto Fernández 0-0: Fly out, F3 (Popup, 34, EV 75.6 MPH)
Batting: RHB Arismendy Carrazco 0-0: Ball
1-0: Ball
2-0: Foul Ball, location: 2F
2-1: Ball
3-1: Base on Balls
Batting: RHB Ian Saucedo 0-0: Ball
1-0: Ball
2-0: Foul Ball, location: 3F
2-1: Foul Ball, location: 2F
2-2: Strikes out swinging
Batting: RHB Donovan Nolin 0-0: Ball
1-0: Fly out, F7 (Line Drive, 7LM, EV 100.0 MPH)
Top of the 2nd over - 0 runs, 0 hits, 0 errors, 1 left on base; Great Lakes 0 - Ames 0
BOTTOM OF THE 2ND
Ames Sod Poodles batting - Pitching for Great Lakes Loons : RHP Isaac Bugielski
Batting: RHB Maddox Palmer 0-0: Ball
1-0: Swinging Strike
1-1: Ball
2-1: Called Strike
2-2: Foul Ball, location: 2LF, Error on foul ball, E2
2-2: Ground out 6-3 (Groundball, 6, EV 101.9 MPH)
Batting: LHB Orlando Angulo 0-0: Ball
1-0: Ground out 4-3 (Groundball, 4, EV 107.5 MPH)
Batting: LHB Karim Almestica 0-0: Called Strike
0-1: Ball
1-1: Ball
2-1: Ball
3-1: Swinging Strike
3-2: Base on Balls
Batting: RHB Sam Hall 0-0: Ball
Karim Almestica steals 2nd base
1-0: Foul Ball, location: 9LMF
1-1: SINGLE (Line Drive, 7S, EV 109.4 MPH)
Karim Almestica to third
Runner from 3rd tries for Home, SAFE, throw by LF to home
Batting: RHB Kanye Jefferson 0-0: Ball
1-0: Ball
2-0: Ball
3-0: Base on Balls
Sam Hall to second
Batting: RHB Adam Brinkman 0-0: Ball
1-0: Foul Ball, location: 25F
1-1: Fly out, F3 (Popup, 3SF, EV 74.4 MPH)
Bottom of the 2nd over - 1 run, 1 hit, 1 error, 2 left on base; Great Lakes 0 - Ames 1
TOP OF THE 3RD
Great Lakes Loons batting - Pitching for Ames Sod Poodles : LHP Benjamin Razzano
Batting: RHB Tudor Sobanski 0-0: Ball
1-0: Foul Ball, location: 9LMF
1-1: Ground out 4-3 (Groundball, 4MD, EV 84.4 MPH)
Batting: RHB Quincy Owens 0-0: Ball
1-0: Ball
2-0: Ball
3-0: Base on Balls
Batting: RHB Christian LeTourneau 0-0: Ball
1-0: Ball
2-0: Called Strike
2-1: Foul Ball, location: 9LDF
2-2: Foul Ball, location: 3DF
2-2: Foul Ball, location: 2F
2-2: Ball
3-2: Strikes out swinging
Batting: RHB Griffin Johnston 0-0: Ball
Quincy Owens is caught stealing 2nd base 2-4
Top of the 3rd over - 0 runs, 0 hits, 0 errors, 0 left on base; Great Lakes 0 - Ames 1
BOTTOM OF THE 3RD
Ames Sod Poodles batting - Pitching for Great Lakes Loons : RHP Isaac Bugielski
Batting: RHB Thomas Dalton 0-0: Ball
1-0: Called Strike
1-1: Called Strike
1-2: Ball
2-2: Strikes out looking
Batting: LHB Jerry Howell 0-0: Fly out, F9 (Flyball, 89D, EV 104.4 MPH)
Batting: SHB Michael Dodson 0-0: Swinging Strike
0-1: Ball
1-1: Called Strike
1-2: Ball
2-2: Ground out 6-3 (Groundball, 6, EV 86.9 MPH)
Bottom of the 3rd over - 0 runs, 0 hits, 0 errors, 0 left on base; Great Lakes 0 - Ames 1
TOP OF THE 4TH
Great Lakes Loons batting - Pitching for Ames Sod Poodles : LHP Benjamin Razzano
Batting: RHB Griffin Johnston 0-0: Swinging Strike
0-1: Called Strike
0-2: Foul Ball, location: 2F
0-2: Strikes out looking
Batting: SHB Diego Pimentel 0-0: Ball
1-0: Foul Ball, location: 2F
1-1: Foul Ball, location: 2LF
1-2: Foul Ball, location: 9LSF
1-2: Ball
2-2: Ball
3-2: Strikes out swinging
Batting: RHB Augusto Fernández 0-0: Ball
1-0: Called Strike
1-1: Ball
2-1: Called Strike
2-2: SINGLE (Groundball, 4, EV 78.8 MPH) (infield hit)
Batting: RHB Arismendy Carrazco 0-0: Swinging Strike
0-1: Fielders Choice at 2nd, 6-4 (Groundball, 6, EV 105.6 MPH)
Top of the 4th over - 0 runs, 1 hit, 0 errors, 1 left on base; Great Lakes 0 - Ames 1
BOTTOM OF THE 4TH
Ames Sod Poodles batting - Pitching for Great Lakes Loons : RHP Isaac Bugielski
Batting: RHB Maddox Palmer 0-0: Fly out, F8 (Flyball, 89M, EV 93.8 MPH)
Batting: LHB Orlando Angulo 0-0: Swinging Strike
0-1: Ground out U3 (Groundball, 34, EV 81.9 MPH)
Batting: LHB Karim Almestica 0-0: Fly out, F8 (Flyball, 8RM, EV 85.0 MPH)
Bottom of the 4th over - 0 runs, 0 hits, 0 errors, 0 left on base; Great Lakes 0 - Ames 1
TOP OF THE 5TH
Great Lakes Loons batting - Pitching for Ames Sod Poodles : LHP Benjamin Razzano
Batting: RHB Ian Saucedo 0-0: Swinging Strike
0-1: Ball
1-1: SINGLE (Line Drive, 8RS, EV 91.3 MPH)
Batting: RHB Donovan Nolin 0-0: Ball
1-0: Ball
2-0: Ball
3-0: Base on Balls
Ian Saucedo to second
Batting: RHB Tudor Sobanski 0-0: Foul Ball, location: 7LSFF
0-1: Foul Ball, location: 23FF
0-2: Ball
1-2: Ball
2-2: Foul Ball, location: 3DF
2-2: Ball
3-2: Strikes out looking
Pitching: RHP Roberto Mendez
Batting: RHB Quincy Owens 0-0: Ball
1-0: Ball
2-0: Fly out, F7 (Line Drive, 78S, EV 88.1 MPH)
Batting: RHB Christian LeTourneau 0-0: Called Strike
0-1: Foul Ball, location: 3FF
0-2: Fly out, F9 (Flyball, 9, EV 85.0 MPH)
Top of the 5th over - 0 runs, 1 hit, 0 errors, 2 left on base; Great Lakes 0 - Ames 1
BOTTOM OF THE 5TH
Ames Sod Poodles batting - Pitching for Great Lakes Loons : RHP Isaac Bugielski
Batting: RHB Sam Hall 0-0: Bunt for hit to 15S - play at first, batter OUT! 1-3
Batting: RHB Kanye Jefferson 0-0: Called Strike
0-1: Foul Ball, location: 25F
0-2: Foul Ball, location: 9LMF
0-2: Strikes out looking
Batting: RHB Adam Brinkman 0-0: DOUBLE (Line Drive, 89M, EV 108.1 MPH) - OUT at third base trying to stretch hit.
Bottom of the 5th over - 0 runs, 1 hit, 0 errors, 0 left on base; Great Lakes 0 - Ames 1
TOP OF THE 6TH
Great Lakes Loons batting - Pitching for Ames Sod Poodles : RHP Roberto Mendez
Batting: RHB Griffin Johnston 0-0: Swinging Strike
0-1: Foul Ball, location: 5F
0-2: Ball
1-2: Strikes out swinging
Batting: SHB Diego Pimentel 0-0: Ball
1-0: Ball
2-0: Fly out, F9 (Flyball, 9, EV 98.8 MPH)
Batting: RHB Augusto Fernández 0-0: SINGLE (Groundball, 4MD, EV 97.5 MPH)
Batting: RHB Arismendy Carrazco 0-0: Foul Ball, location: 5SF
0-1: Ball
1-1: Fly out, F9 (Flyball, 89S, EV 76.3 MPH)
Top of the 6th over - 0 runs, 1 hit, 0 errors, 1 left on base; Great Lakes 0 - Ames 1
BOTTOM OF THE 6TH
Ames Sod Poodles batting - Pitching for Great Lakes Loons : RHP Isaac Bugielski
Batting: RHB Thomas Dalton 0-0: Ball
1-0: Foul Ball, location: 3SF
1-1: Called Strike
1-2: Foul Ball, location: 2F
1-2: Foul Ball, location: 25F
1-2: Ground out 5-3 (Groundball, 56, EV 88.8 MPH)
Batting: LHB Jerry Howell 0-0: Ball
1-0: Ball
2-0: Called Strike
2-1: Foul Ball, location: 2F
2-2: Ground out 6-3 (Groundball, 6, EV 87.5 MPH)
Batting: SHB Michael Dodson 0-0: Ball
1-0: Called Strike
1-1: Ball
2-1: Swinging Strike
2-2: Strikes out swinging
Bottom of the 6th over - 0 runs, 0 hits, 0 errors, 0 left on base; Great Lakes 0 - Ames 1
TOP OF THE 7TH
Great Lakes Loons batting - Pitching for Ames Sod Poodles : RHP Roberto Mendez
Batting: LHB Pablo Polanco 0-0: Ball
1-0: Called Strike
1-1: Ball
2-1: Ball
3-1: Ground out 4-3 (Groundball, 4S, EV 86.3 MPH)
Batting: RHB Donovan Nolin 0-0: Called Strike
0-1: Called Strike
0-2: Foul Ball, location: 5F
0-2: Strikes out swinging
Pinch Hitting: SHB Steven Salvador 0-0: Ball
1-0: Foul Ball, location: 23FF
1-1: SINGLE (Groundball, 6S, EV 80.0 MPH)
Pinch Hitting: LHB Blake Kirk 0-0: Swinging Strike
Pickoff Throw by Catcher to First - Out!
Top of the 7th over - 0 runs, 1 hit, 0 errors, 0 left on base; Great Lakes 0 - Ames 1
BOTTOM OF THE 7TH
Ames Sod Poodles batting - Pitching for Great Lakes Loons : RHP Isaac Bugielski
Now at 2B: Steven Salvador
Now in CF: Asher Shorey
Batting: RHB Maddox Palmer 0-0: Ball
1-0: Ball
2-0: DOUBLE (Flyball, 89D, EV 103.1 MPH)
Batting: LHB Orlando Angulo 0-0: Ball
1-0: Ground out 4-3 (Groundball, 4, EV 86.9 MPH)
Maddox Palmer to third
Batting: LHB Karim Almestica 0-0: Called Strike
0-1: Called Strike
0-2: Strikes out swinging
Batting: RHB Sam Hall 0-0: Swinging Strike
0-1: Foul Ball, location: 9LMF
0-2: Fly out, F4 (Popup, 34D, EV 76.9 MPH)
Bottom of the 7th over - 0 runs, 1 hit, 0 errors, 1 left on base; Great Lakes 0 - Ames 1
TOP OF THE 8TH
Great Lakes Loons batting - Pitching for Ames Sod Poodles : RHP Roberto Mendez
Batting: RHB Asher Shorey 0-0: Called Strike
0-1: Swinging Strike
0-2: Foul Ball, location: 2F
0-2: Strikes out swinging
Batting: RHB Christian LeTourneau 0-0: SINGLE (Line Drive, 56D, EV 107.5 MPH)
Batting: RHB Griffin Johnston 0-0: Ball
1-0: Fly out, F3 (Popup, 34S, EV 76.3 MPH)
Pitching: RHP Wyatt Rogus
Batting: SHB Diego Pimentel 0-0: Swinging Strike
0-1: Swinging Strike
0-2: Strikes out swinging, 2-3 out at first.
Top of the 8th over - 0 runs, 1 hit, 0 errors, 1 left on base; Great Lakes 0 - Ames 1
BOTTOM OF THE 8TH
Ames Sod Poodles batting - Pitching for Great Lakes Loons : RHP Isaac Bugielski
Batting: RHB Kanye Jefferson 0-0: Foul Ball, location: 9LMF
0-1: Swinging Strike
0-2: Ball
1-2: Ball
2-2: Ball
3-2: Foul Ball, location: 9LSF
3-2: Strikes out swinging
Batting: RHB Adam Brinkman 0-0: Called Strike
0-1: Fly out, F6 (Line Drive, 6M, EV 76.3 MPH)
Batting: RHB Thomas Dalton 0-0: Foul Ball, location: 9LSF
0-1: Foul Ball, location: 2RF
0-2: Strikes out looking
Bottom of the 8th over - 0 runs, 0 hits, 0 errors, 0 left on base; Great Lakes 0 - Ames 1
TOP OF THE 9TH
Great Lakes Loons batting - Pitching for Ames Sod Poodles : RHP Wyatt Rogus
Pitching: RHP Paxton Byard
Batting: RHB Augusto Fernández 0-0: Ball
1-0: Called Strike
1-1: Foul Ball, location: 5F
1-2: Ground out 6-3 (Groundball, 6S, EV 78.1 MPH)
Batting: RHB Arismendy Carrazco 0-0: Called Strike
0-1: Swinging Strike
0-2: Ball
1-2: Foul Ball, location: 9LSF
1-2: Foul Ball, location: 9LMF
1-2: Ball
2-2: Foul Ball, location: 2F
2-2: Fly out, F6 (Popup, P, EV 82.5 MPH)
Batting: LHB Pablo Polanco 0-0: Called Strike
0-1: Foul Ball, location: 25FF
0-2: Strikes out looking
Top of the 9th over - 0 runs, 0 hits, 0 errors, 0 left on base; Great Lakes 0 - Ames 1
Monday, May 6th , 2024 - OOTP Baseball 24.11 Build 85